Map: Lerilak Crest

Players

LilDicky

  • Race: Terran Terran
  • League: Diamond

Malakir - Winner!

  • Race: Protoss Protoss
  • League: Gold

VOD

http://www.twitch.tv/tumescentpie

Description

Time

  • Played on: Jan. 3, 2016, 2:10 a.m.
  • Length: 3:27
Show
View Real Time Build Order
Export as new Build Order

LilDicky Terran 

Build Orders:  

Get SALT Encoding   

  12  0:02  SCV  
  13  0:14  SCV  
  14  0:26  Supply Depot, SCV  
  15  0:47  Refinery  
  15  0:48  SCV  
  16  0:55  Barracks  
  16  1:00  SCV  
  17  1:12  SCV  
  18  1:39  SCV  
  19  2:04  Barracks  
  19  2:05  Barracks  
  19  2:10  Barracks  
  19  2:22  Command Center  
  19  2:24  SCV  
  20  2:36  SCV  
  21  2:40  Marine  
  22  2:44  Supply Depot  
  22  2:51  Reaper  
  23  3:07  Supply Depot  
Show
View Real Time Build Order
Export as new Build Order

Malakir Protoss - Winner!

Build Orders:  

Get SALT Encoding   

  12  0:02  Probe (Chrono Boost)  
  13  0:12  Probe (Chrono Boost)  
  14  0:18  Pylon  
  14  0:23  Probe (Chrono Boost)  
  15  0:36  Probe (Chrono Boost)  
  15  0:41  Gateway  
  16  0:46  Probe (Chrono Boost)  
  17  0:50  Assimilator  
  17  0:57  Probe (Chrono Boost)  
  18  1:06  Pylon  
  18  1:08  Probe (Chrono Boost)  
  19  1:18  Probe (Chrono Boost)  
  20  1:29  Probe (Chrono Boost)  
  20  1:32  Cybernetics Core  
  21  1:37  Gateway  
  22  1:40  Probe (Chrono Boost)  
  22  1:46  Zealot  
  24  1:50  Probe (Chrono Boost)  
  25  2:01  Probe (Chrono Boost)  
  26  2:07  Pylon  
  26  2:11  Probe (Chrono Boost)  
  27  2:21  Stalker (Chrono Boost)  
  29  2:32  Nexus  
  29  2:36  Stalker (Chrono Boost)  
  31  2:43  Pylon  
  31  2:48  Probe, Assimilator  
  32  3:00  Probe  
  33  3:12  Probe  
  34  3:16  Robotics Facility  
  34  3:17  Gateway  
Tags
 
Add a new tag
Caveats
  • Supply blocks, unpowered buildings, or Contaminate may cause inaccurate times.
  • Supply counts are checked every 10 seconds.